Map: Disco Bloodbath LE

Players

SirThirst - Winner!

  • Race: Protoss Protoss
  • Spawn Location: 9:00

A.I. 1 (Harder)

  • Race: Zerg Zerg
  • Spawn Location: 3:00

VOD

Have the link to the VOD?

Description

Time

  • Played on: Aug. 19, 2019, 5:55 a.m.
  • Length: 10:59
Show
View Real Time Build Order
Export as new Build Order

SirThirst Protoss - Winner!

Build Orders: 1 Gate Expand 

Get SALT Encoding   

  12  0:01  Probe  
  13  0:13  Probe  
  14  0:17  Pylon  
  14  0:24  Probe  
  15  0:32  Probe  
  15  0:37  Gateway  
  15  0:40  Probe  
  17  0:51  Probe  
  18  1:00  Probe  
  19  1:08  Probe  
  20  1:18  Probe  
  20  1:19  Nexus  
  21  1:28  Cybernetics Core  
  21  1:33  Assimilator  
  21  1:36  Probe  
  22  1:41  Pylon  
  22  1:48  Probe  
  22  1:50  Assimilator  
  23  2:00  Probe  
  24  2:10  Adept  
  26  2:19  Gateway  
  26  2:23  Probe  
  27  2:31  Pylon  
  27  2:35  Probe  
  28  2:40  Stalker  
  30  2:45  Robotics Facility  
  30  2:46  Probe  
  31  2:54  Gateway  
  31  2:57  Probe  
  32  3:06  Stalker  
  32  3:11  Pylon  
  34  3:13  Probe  
  34  3:14  Probe  
  36  3:26  Stalker  
  38  3:34  Immortal  
  42  3:45  Stalker  
  42  3:46  Stalker  
  46  3:53  Robotics Facility  
  46  3:55  Probe  
  47  3:58  Probe  
  48  4:06  Stalker  
  48  4:08  Pylon  
  50  4:20  Immortal  
  54  4:26  Adept  
  56  4:32  Zealot  
  56  4:36  Adept  
  56  4:38  Pylon  
  60  4:39  Probe x2  
  62  4:47  Probe x2  
  64  4:57  Immortal  
  68  5:02  Zealot  
  68  5:05  Zealot  
  72  5:10  Zealot  
  74  5:19  Immortal  
  78  5:24  Pylon  
  78  5:27  Pylon  
  78  5:31  Pylon  
  78  5:42  Probe x2  
  80  5:45  Assimilator  
  80  5:47  Assimilator  
  80  5:52  Twilight Council  
  80  5:54  Probe x2  
  82  6:00  Robotics Bay  
  82  6:13  Nexus  
  82  6:21  Probe  
  82  6:24  Pylon  
  83  6:33  Probe  
  84  6:44  Immortal  
  84  6:45  Immortal, Probe  
  93  6:50  Stalker  
  95  6:56  Stalker  
  95  6:57  Probe  
  95  7:00  Stalker  
  100  7:04  Charge  
  100  7:05  Probe  
  101  7:09  Probe  
  101  7:13  Probe  
  102  7:19  Probe  
  102  7:22  Probe  
  103  7:24  Probe  
  103  7:28  Probe  
  106  7:32  Probe  
  106  7:34  Probe  
  109  7:37  Probe  
  109  7:38  Pylon  
  109  7:42  Probe  
  109  7:43  Stalker  
  112  7:45  Stalker  
  112  7:46  Probe  
  112  7:48  Stalker  
  112  7:49  Probe  
  119  7:51  Pylon  
  119  7:54  Probe  
  119  7:57  Pylon  
  120  8:00  Pylon  
  120  8:01  Probe  
  121  8:06  Probe  
  110  8:14  Assimilator  
  110  8:18  Probe  
  110  8:26  Assimilator  
  109  8:30  Probe  
  110  8:35  Stalker x3  
  110  8:37  Immortal x2  
  110  8:40  Extended Thermal Lance  
  124  8:42  Probe  
  124  8:44  Resonating Glaives  
  125  8:52  Gateway  
  125  8:54  Gateway  
  125  8:59  Gateway  
  125  9:00  Gateway  
  125  9:04  Gateway  
  125  9:14  Stalker x2  
  125  9:15  Stalker  
  131  9:17  Immortal  
  131  9:18  Immortal  
  135  9:31  Pylon  
  135  9:32  Pylon  
  127  10:11  Stalker x2  
  127  10:12  Stalker x3  
  127  10:14  Stalker x3  
  137  10:16  Immortal x2  
Show
View Real Time Build Order
Export as new Build Order

A.I. 1 (Harder) Zerg 

Build Orders: 1 Base Baneling Bust, Pool First, Zergling Baneling 

Get SALT Encoding   

  12  0:00  Drone  
  13  0:12  Overlord  
  13  0:16  Drone  
  14  0:31  Drone x2  
  16  0:43  Spawning Pool  
  16  0:45  Drone  
  16  0:49  Drone  
  17  0:52  Extractor  
  17  0:56  Drone  
  17  1:06  Overlord  
  17  1:30  Queen  
  17  1:31  Zergling x2  
  20  1:34  Zergling x2  
  20  1:36  Roach Warren  
  20  1:38  Drone  
  21  1:43  Extractor  
  20  1:49  Drone  
  20  1:54  Baneling Nest  
  20  2:00  Drone  
  21  2:11  Drone  
  22  2:21  Zergling x2  
  23  2:32  Drone  
  24  2:37  Overlord  
  24  2:38  Zergling x2  
  24  2:40  Zergling x2  
  24  2:43  Baneling  
  24  2:44  Baneling x4, Zergling x2  
  27  2:55  Drone  
  28  3:05  Baneling, Zergling x2  
  29  3:09  Overlord, Zergling x2  
  29  3:12  Zergling x2  
  31  3:16  Metabolic Boost  
  31  3:21  Zergling x2  
  32  3:28  Zergling x2  
  33  3:38  Zergling x2  
  34  3:41  Zergling x2  
  34  3:44  Zergling x2  
  34  3:47  Baneling, Zergling x2  
  37  3:50  Baneling x4  
  37  3:51  Baneling  
  37  3:52  Zergling x2  
  38  4:02  Zergling x2  
  39  4:12  Evolution Chamber  
  39  4:13  Drone, Zergling x2  
  39  4:16  Overlord  
  39  4:21  Drone  
  40  4:25  Drone  
  41  4:35  Drone  
  43  4:45  Drone x2  
  43  4:46  Drone  
  45  5:36  Overlord, Roach  
  45  5:37  Zerg Melee Weapons Level 1  
  47  5:43  Roach  
  47  5:44  Drone, Hatchery  
  47  5:49  Roach, Lair  
  51  5:56  Roach  
  53  6:02  Roach  
  55  6:06  Overlord  
  55  6:47  Burrow  
  55  6:48  Centrifical Hooks, Roach  
  55  6:51  Hydralisk Den  
  56  6:54  Roach  
  56  6:55  Drone  
  56  6:58  Drone  
  60  7:02  Drone x2  
  60  7:03  Drone  
  60  7:08  Drone  
  64  7:09  Overlord  
  64  7:12  Drone  
  64  7:14  Drone  
  66  7:17  Drone  
  66  7:19  Drone  
  66  7:22  Hydralisk  
  68  7:23  Drone  
  68  7:27  Drone  
  68  7:28  Overlord  
  68  7:29  Hydralisk  
  74  7:31  Zerg Missile Weapons Level 1  
  74  7:38  Drone  
  74  7:39  Drone  
  76  7:49  Drone  
  76  7:50  Drone  
  78  7:54  Hydralisk  
  78  7:55  Drone  
  78  7:56  Overlord  
  81  8:00  Drone  
  81  8:02  Drone  
  79  8:10  Hydralisk  
  70  8:14  Overseer  
  70  8:16  Hydralisk  
  70  8:17  Spore Crawler  
  71  8:20  Spore Crawler  
  71  8:21  Drone  
  71  8:23  Drone  
  71  8:26  Spore Crawler, Overseer, Drone, Roach  
  73  8:31  Spore Crawler, Drone  
  73  8:32  Roach  
  75  8:35  Queen  
  75  8:39  Roach  
  75  8:40  Queen  
  81  8:45  Zergling x2  
  81  8:47  Spine Crawler  
  80  8:50  Drone, Spine Crawler  
  80  8:53  Drone  
  81  8:56  Hydralisk  
  81  8:57  Spine Crawler  
  81  9:00  Spine Crawler  
  81  9:03  Infestation Pit  
  81  9:04  Drone  
  81  9:06  Hydralisk  
  81  9:16  Spire  
  80  9:18  Evolution Chamber  
  77  9:24  Roach  
  77  9:28  Queen  
  77  9:30  Overseer  
  77  9:31  Zergling x2  
  71  9:37  Roach  
  60  9:46  Roach  
  48  10:06  Hydralisk  
  48  10:11  Hydralisk  
  42  10:16  Hydralisk  
  30  10:24  Hydralisk, Zergling x2  
  33  10:30  Hydralisk  
Tags
 
Add a new tag
Caveats
  • Supply blocks, unpowered buildings, or Contaminate may cause inaccurate times.
  • Supply counts are checked every 10 seconds.